 Dungeon Crawl Stone Soup version 0.20-a0-370-gd6af2a4 (webtiles) character file.

54 TheGoonsmith the Cutter (level 3, -3/20 HPs)
             Began as a Vine Stalker Berserker on Dec 27, 2016.
             Was a Believer of Trog.
             Slain by a gnoll
             ... wielding a +1 flail of protection
              (12 damage)
             ... on level 2 of the Dungeon.
             The game lasted 00:01:59 (1385 turns).

TheGoonsmith the Cutter (Vine Stalker Berserker)    Turns: 1385, Time: 00:02:00

Health: -3/20      AC:  3    Str: 20    XL:     3   Next: 91%
Magic:  0/4        EV: 12    Int:  7    God:    Trog [**....]
Gold:   47         SH:  0    Dex: 13    Spells: 2/2 levels left

rFire  . . .     SeeInvis .     p - +0 short sword (curse)
rCold  . . .     Gourm    .     b - +0 animal skin
rNeg   . . .     Faith    .     (no shield)
rPois  .         Spirit   +     (no helmet)
rElec  .         Reflect  .     (no cloak)
rCorr  .         Harm     .     f - +0 pair of gloves
MR     .....                    (no boots)
Stlth  +.........               (no amulet)
                                (no ring)
                                (no ring)

@: no status effects
A: fangs 2, magic shield, antimagic bite, no potion heal 3, rot immunity
a: Berserk, Trog's Hand, Burn Spellbooks, Renounce Religion


You were on level 2 of the Dungeon.
You worshipped Trog.
Trog was pleased with you.
You were not hungry.

You visited 1 branch of the dungeon, and saw 2 of its levels.

You collected 47 gold pieces.

Inventory:

Hand Weapons
 a - a +0 short sword
 p - a cursed +0 short sword (weapon)
Armour
 b - a +0 animal skin (worn)
 f - a +0 pair of gloves (worn)
Scrolls
 h - a scroll of teleportation {unknown}
Potions
 d - a potion of degeneration {unknown}
 e - a potion of cure mutation {unknown}
 i - a potion of agility {unknown}
 k - a potion of cancellation {unknown}
 l - a potion of brilliance {unknown}
 n - a potion of haste {unknown}
Comestibles
 c - a bread ration
 g - a meat ration
 j - a beef jerky
 o - 4 chunks of flesh


   Skills:
 + Level 3.2 Fighting
 * Level 3.8 Short Blades
 - Level 1.5 Armour
 - Level 1.5 Dodging


You had 2 spell levels left.
You didn't know any spells.

Dungeon Overview and Level Annotations

Branches:
Dungeon (2/15)

Altars:


Innate Abilities, Weirdness & Mutations

You have extremely sharp teeth.
When hurt, damage is shared between your health and your magic reserves.
Your bite disrupts and absorbs the magic of your enemies.
Potions cannot restore your health.
You are immune to rotting.


Message History

You butcher the frilled lizard corpse.
You butcher the goblin corpse.
o - 3 chunks of flesh (gained 2);
o - 4 chunks of flesh (gained 1)
Things that are here:
a club; a flail You start resting.
A gnoll comes into view. It is wielding a flail of protection.
A gnoll is nearby!
You start resting.
The gnoll shouts!
You start resting.
You barely miss the gnoll. Your bite misses the gnoll.
The gnoll hits you but does no damage.
You hit the gnoll but do no damage. You bite the gnoll. You drain its power.
The gnoll is lightly wounded.
You hit the gnoll. You bite the gnoll. You drain its power.
The gnoll is moderately wounded.
The gnoll hits you with a flail of protection!
Ouch! That really hurt!
You die...

... #.###. #... #.#
#. #$#. #.# #.# #. #
#.#. #.# #.# ##
###.###.#. #.# #.#
......g.#. #.# #.#
...g....#. #.# #.####
#.#.#### #.# #.#...
#.#.@..## #.# #.....
#.###g.>###.## ###.##
#.##.....#...#####.##
#.)g..†....#.........
#.##.....#...#####...
#......###...###.##
#.#. #.####.# ##.##
#.######.#. ..# #.#
#..^.....#. ... ...
...........


You could see a gnoll.

Vanquished Creatures
  2 gnolls (D:2)
  An ooze (D:1)
  A dart slug (D:1)
  A leopard gecko (D:1)
  A ball python (D:2)
  A giant cockroach (D:1)
  A goblin (D:2)
  7 hobgoblins
  6 bats
  2 frilled lizards (D:2)
  A kobold (D:1)
  3 rats
27 creatures vanquished.

Notes
Turn   | Place    | Note
-------+----------+-------------------------------------------
     0 | D:1      | TheGoonsmith the Vine Stalker Berserker began the quest for the Orb.
     0 | D:1      | Reached XP level 1. HP: 11/11 MP: 2/2
   499 | D:1      | Reached XP level 2. HP: 14/16 MP: 3/3
   853 | D:1      | Reached XP level 3. HP: 7/20 MP: 2/4
  1344 | D:2      | Reached ** piety under Trog
  1385 | D:2      | Slain by a gnoll

Vault maps used:
D:1:      eino_arrival_water_star, serial_curves, eino_curves_04,
          eino_curves_01, eino_curves_03, eino_curves_01

Skill      XL: |  1  2 |
---------------+-------+-----
Short Blades   | 3 |  3.8
Fighting       | 3 |  3.2
Armour         | |  1.5
Dodging        | |  1.5

Action                   || total
-------------------------++-------
Melee: Short sword       ||    83
       Bite              ||    20
  Use: Scroll            ||     2
 Stab: Sleeping          ||     4
  Eat: Chunk             ||     1
Armor: Animal skin       ||    22
Dodge: Dodged            ||    32
